 Dungeon Crawl Stone Soup version 0.29.1-1-gd02db6906a (webtiles) character file.

Game seed: 10627161694706533802

804 fireball365 the Cleaver (level 7, -2/58 HPs)
             Began as a Minotaur Fighter on Oct 13, 2022.
             Was a Priest of Cheibriados.
             Slain by an iguana (11 damage)
             ... on level 5 of the Dungeon.
             The game lasted 00:21:02 (6311 turns).

fireball365 the Cleaver (Minotaur Fighter)          Turns: 6311, Time: 00:21:03

Health: -2/58      AC: 10    Str: 27    XL:     7   Next: 60%
Magic:  6/6        EV: 10    Int: 12    God:    Cheibriados [***...]
Gold:   326        SH:  6    Dex: 19    Spells: 6/6 levels left

rFire   . . .      SeeInvis .   a - +0 war axe
rCold   . . .      Faith    .   c - +0 buckler
rNeg    . . .      Spirit   .   b - +0 scale mail
rPois   .          Reflect  .   (helmet restricted)
rElec   .          Harm     .   h - +0 cloak
rCorr   .          Rampage  .   (no gloves)
Will    .....                   i - +0 pair of boots
Stlth   +.........              (no amulet)
HPRegen 0.19/turn               (no ring)
MPRegen 0.10/turn               (no ring)

@: very slow
A: horns 2, retaliatory headbutt
a: Renounce Religion, Bend Time, Temporal Distortion


You were on level 5 of the Dungeon.
You worshipped Cheibriados.
Cheibriados was most pleased with you.
You visited 1 branch of the dungeon, and saw 5 of its levels.

You collected 326 gold pieces.

Inventory:

Hand Weapons
 a - a +0 war axe (weapon)
Missiles
 l - 49 stones (quivered)
 m - 2 poisoned darts
Armour
 b - a +0 scale mail (worn)
 c - a +0 buckler (worn)
 h - a +0 cloak (worn)
 i - a +0 pair of boots (worn)
Jewellery
 y - a ring of wizardry
Wands
 p - a wand of polymorph (5)
 v - a wand of charming (16)
Scrolls
 e - 2 scrolls of magic mapping {unknown}
 g - 2 scrolls of enchant armour {unknown}
 n - 5 scrolls of teleportation {unknown}
 q - 2 scrolls of blinking {unknown}
 r - 3 scrolls of identify {unknown}
 t - a scroll of enchant weapon {unknown}
 u - a scroll of torment {unknown}
 x - a scroll of fear {unknown}
 A - a scroll of fog {unknown}
 B - a scroll of vulnerability {unknown}
 C - a scroll of immolation {unknown}
 D - a scroll of noise {unknown}
Potions
 d - 2 potions of might
 f - a potion of brilliance {unknown}
 j - a potion of magic {unknown}
 k - a potion of resistance {unknown}
 o - a potion of curing {unknown}
 s - a potion of ambrosia {unknown}
 w - a potion of berserk rage {unknown}
 z - a potion of flight {unknown}


   Skills:
 - Level 3.7 Fighting
 * Level 8.0 Axes
 + Level 6.1 Armour
 + Level 1.7 Dodging
 + Level 1.6 Stealth
 + Level 4.6 Shields


You had 6 spell levels left.
You didn't know any spells.
Your spell library contained the following spells:

 Spells                   Type           Power      Damage    Failure   Level
 Necrotise                Necr           0%         1d4       65%         1
 Sublimation of Blood     Necr           0%         N/A       80%         2
 Wereblood                Tmut           0%         N/A       80%         2
 Gell's Gravitas          Tloc           0%         N/A       95%         3
 Teleport Other           Tloc           0%         N/A       95%         3
 Tukima's Dance           Hex            0%         N/A       95%         3
 Vampiric Draining        Necr           0%         2d6       95%         3
 Passage of Golubria      Tloc           0%         N/A       100%        4
 Agony                    Necr           0%         N/A       100%        5
 Yara's Violent Unravell  Hex/Tmut       0%         3d3       100%        5
 Dispersal                Tloc           0%         N/A       100%        6
 Summon Hydra             Summ           0%         N/A       100%        7


Dungeon Overview and Level Annotations

Branches:
Dungeon (5/15)
 Temple: D:4-7

Altars:
Cheibriados
Dithmenos
Gozag
Nemelex Xobeh
Qazlal
Uskayaw
Xom
Zin


Innate Abilities, Weirdness & Mutations

You have a pair of horns on your head.
You reflexively headbutt those who attack you in melee.


Message History

You feel sick.
You are no longer poisoned.
The adder bites you.
* * * LOW HITPOINT WARNING * * *
You are poisoned.
The adder poisons you!
Found a stone staircase leading up.
You feel sick. You block the adder's attack. The adder misses you. x2
You feel sick. The adder barely misses you.
You closely miss the adder. You headbutt the adder.
The adder is almost dead.
You feel sick. The adder bites you but does no damage.
You closely miss the adder.
The adder is almost dead.
The adder bites you but does no damage.
You closely miss the adder. Your headbutt misses the adder.
The adder is almost dead.
You feel sick. The adder bites you.
* * * LOW HITPOINT WARNING * * *
The adder barely misses you.
You hit the adder.
You kill the adder!
Cheibriados appreciates the change of pace.
Cheibriados raises the support of your attributes as your movement slows.
You feel sick.
You are no longer poisoned.
You see here an adder corpse.
Found 12 gold pieces.
Found 9 gold pieces.
An iguana and an adder come into view.
The iguana hisses angrily.
The adder hisses angrily.
The adder moves out of view.
The adder barely misses you.
You closely miss the adder. You headbutt the adder!
You kill the adder!
Cheibriados thoroughly appreciates the change of pace.
You hit the iguana.
The iguana is moderately wounded.
The iguana bites you!
You die...

############
#..........#
#..........#
#..........#
#..$..<....# ##..
.......#
.$...##l#...##
###...@.....###
...............###
####.........#...#
####
#..........†..####..<
######...###.....†...
#.......####....
#...#.....#......
#########
##............####.
#.......#
#..............###.


You could see an iguana.

Vanquished Creatures
  2 water moccasins (D:5)
  A phantom (D:5)
  A centaur (D:4)
  A bullfrog (D:4)
  A scorpion (D:5)
  A gnoll bouda (D:5)
  2 hounds (D:5)
  3 iguanas
  5 adders
  3 gnolls (D:5)
  2 shadow imps
  2 dart slugs
  An orc (D:5)
  3 endoplasms
  3 giant cockroaches
  9 goblins
  5 hobgoblins
  10 kobolds
  A quokka (D:1)
  6 ball pythons
  2 bats
  3 frilled lizards
  3 rats
  A spectral kobold (D:1)
71 creatures vanquished.

Vanquished Creatures (others)
  5 plants (D:2)
5 creatures vanquished.

Grand Total: 76 creatures vanquished

Notes
Turn   | Place    | Note
-------+----------+-------------------------------------------
     0 | D:1      | fireball365 the Minotaur Fighter began the quest for the
                  | Orb.
     0 | D:1      | Reached XP level 1. HP: 19/19 MP: 0/0
   168 | D:1      | Reached XP level 2. HP: 27/27 MP: 1/1
   274 | D:1      | Found a faded altar of an unknown god.
   290 | D:1      | Prayed at the altar of an unknown god.
   290 | D:1      | Became a worshipper of Cheibriados the Contemplative
   290 | D:1      | Reached * piety under Cheibriados
   402 | D:1      | Reached skill level 3 in Axes
   808 | D:2      | Reached XP level 3. HP: 33/33 MP: 2/2
   990 | D:2      | Reached ** piety under Cheibriados
  1001 | D:2      | Reached skill level 4 in Axes
  1446 | D:2      | Reached XP level 4. HP: 40/40 MP: 3/3
  1698 | D:3      | Found an opulent altar of Gozag.
  2233 | D:3      | Noticed an earth elemental
  2235 | D:3      | Found a stormy altar of Qazlal.
  2237 | D:3      | Noticed an air elemental
  2238 | D:3      | Noticed a water elemental
  2238 | D:3      | Noticed a fire elemental
  2264 | D:3      | Noticed a +0 spear
  2264 | D:3      | Noticed a +0 dagger
  2266 | D:3      | Noticed a +0 falchion
  2266 | D:3      | Noticed a +0 falchion
  2268 | D:3      | Noticed a +0 spear
  2268 | D:3      | Noticed a +0 dagger
  2269 | D:3      | Noticed a +0 short sword
  2275 | D:3      | Noticed a +0 short sword
  2283 | D:3      | Found a hide-covered altar of Uskayaw.
  2598 | D:4      | Noticed a bullfrog
  2602 | D:4      | Killed a bullfrog
  2603 | D:4      | Reached skill level 5 in Axes
  2603 | D:4      | Reached XP level 5. HP: 46/46 MP: 4/4
  2669 | D:4      | Found a sparkling altar of Nemelex Xobeh.
  2669 | D:4      | Found a transporter.
  2669 | D:4      | Noticed a centaur
  2686 | D:4      | Killed a centaur
  2687 | D:4      | Reached skill level 6 in Axes
  2687 | D:4      | Reached skill level 1 in Dodging
  3162 | D:4      | Found a shadowy altar of Dithmenos.
  3167 | D:4      | Found a shimmering altar of Xom.
  3430 | D:4      | Found a glowing silver altar of Zin.
  3605 | D:4      | Reached XP level 6. HP: 52/52 MP: 5/5
  4033 | D:5      | Entered Level 5 of the Dungeon
  4913 | D:5      | Noticed a water moccasin
  4921 | D:5      | Killed a water moccasin
  4922 | D:5      | Reached skill level 5 in Armour
  4977 | D:5      | Reached *** piety under Cheibriados
  4978 | D:5      | Reached skill level 7 in Axes
  5081 | D:5      | Reached XP level 7. HP: 52/58 MP: 6/6
  5086 | D:5      | Reached skill level 1 in Stealth
  6286 | D:5      | Reached skill level 8 in Axes
  6311 | D:5      | Slain by an iguana

Illustrated notes

Levels and vault maps discovered:
D:1:      minmay_arrival_loop, layout_basic,
          dreamdust_ecumenical_altar_drowned_temple, grunt_decor_one_mirror
D:2:      layout_basic, guppyfry_early_lair_pool
D:3:      layout_basic, nicolae_uskayaw_en_pointe,
          mainiacjoe_overflow_small_starburst, nicolae_qazlal_style_of_elements
D:4:      wander_river, layout_loops_ring, grunt_nemelex_the_gamble,
          nicolae_overflow_squiral, mainiacjoe_overflow_chevrons
D:5:      layout_rooms

Skill      XL: |  1  2  3  4  5  6  7 |
---------------+----------------------+-----
Shields        | 4 |  4.6
Armour         | 4 5 6 |  6.1
Axes           | 3 4 5 6 7 8 |  8.0
Dodging        | 1 |  1.7
Stealth        | 1 |  1.6
Fighting       | |  3.7

Action                   |  1- 3 |  4- 6 |  7- 9 || total
-------------------------+-------+-------+-------++-------
Melee: War axe           |    60 |    40 |    26 ||   126
       Headbutt          |    11 |     4 |     6 ||    21
Evoke: Wand              |       |     1 |       ||     1
Armor: Scale mail        |    51 |    34 |     8 ||    93
Dodge: Dodged            |    40 |    27 |    20 ||    87
Block: Buckler           |    24 |    13 |     6 ||    43
